 Dungeon Crawl Stone Soup version 0.30.1-4-g462c640d31 (webtiles) character file.

Game seed: 5234078854554850124

1309 boopmooplesden the Covered (level 8, -4/71 HPs)
             Began as an Armataur Berserker on Aug 17, 2023.
             Was a Believer of Trog.
             Slain by an ogre
             ... wielding a +0 giant club
              (28 damage)
             ... on level 6 of the Dungeon.
             The game lasted 00:04:55 (4715 turns).

boopmooplesden the Covered (Armataur Berserker)     Turns: 4715, Time: 00:04:56

Health: -4/71      AC: 11    Str: 24    XL:     8   Next: 32%
Magic:  8/8        EV:  7    Int:  7    God:    Trog [**....]
Gold:   197        SH:  0    Dex: 11    Spells: 7/7 levels left

rFire   . . .        a - +0 falchion (venom)
rCold   . . .        (no shield)
rNeg    . . .        g - +0 chain mail
rPois   .            f - +1 helmet
rElec   .            (no cloak)
rCorr   .            (no gloves)
SInv    .            (no barding)
Will    .....        e - amulet of the acrobat Stlth
                     (no ring)
HPRegen 0.31/turn    (no ring)
MPRegen 0.11/turn

%: acrobat, roll
@: no status effects
A: large, rugged brown scales 3, deformed body, armoured tail, roll, long
tongue, awkward tongue
a: Renounce Religion, Berserk, Trog's Hand


You were on level 6 of the Dungeon.
You worshipped Trog.
Trog was pleased with you.
You visited 1 branch of the dungeon, and saw 6 of its levels.

You collected 197 gold pieces.

Inventory:

Hand Weapons
 a - a +0 falchion of venom (weapon)
Missiles
 n - 7 poisoned darts (quivered)
Armour
 b - a +1 animal skin
 f - a +1 helmet (worn)
 g - a +0 chain mail (worn)
Jewellery
 e - an amulet of the acrobat (around neck)
 t - a ring of protection from fire
Wands
 i - a wand of paralysis (7)
 m - a wand of flame (15)
Scrolls
 d - 7 scrolls of teleportation
 j - 4 scrolls of identify
 p - 2 scrolls of fog
Potions
 h - 2 potions of attraction
 k - a potion of resistance {unknown}
 l - 5 potions of curing {unknown}
 o - a potion of ambrosia {unknown}
 q - a potion of degeneration {unknown}
 s - 3 potions of magic {unknown}


   Skills:
 + Level 4.6 Fighting
 + Level 6.6 Long Blades
 + Level 7.1 Armour
 + Level 2.5 Dodging
 + Level 1.3 Stealth


You had 7 spell levels left.
You didn't know any spells.
Your spell library was empty.

Dungeon Overview and Level Annotations

Branches:
Dungeon (6/15)
 Temple: D:4-7

Altars:
Dithmenos
Xom


Innate Abilities, Weirdness & Mutations

You are completely covered in rugged brown scales. (AC +3, +7% HP)
Armour fits poorly on your strangely shaped body.
You have a long armoured tail.
You roll when moving toward enemies. (Rampage)
Your long tongue fully drains potion bottles. (2x potion effects)
Your tongue gives you trouble enunciating. (1.5x scroll delay)


Message History

You hear a shout!
You hear a bark!
Found 6 atropa-tipped darts.
A hound comes into view.
The hound barely misses you.
You hit the hound.
The hound is poisoned.
Your tail-slap misses the hound.
The hound is lightly wounded.
An ogre comes into view. It is wielding a +0 giant club.
The hound bites you but does no damage.
The ogre shouts!
You hit the hound.
The hound looks as sick as possible!
The hound is heavily wounded.
The hound bites you. The hound bites you but does no damage.
You completely miss the hound.
The hound is severely wounded.
The hound bites you but does no damage.
You slash the hound!
You kill the hound!
Trog accepts your kill.
Your Armour skill increases to level 7!
You see here a hound corpse.
You roll towards the ogre!
You hit the ogre.
The ogre is lightly wounded.
The ogre hits you with a +0 giant club.
You hit the ogre but do no damage.
The ogre is poisoned.
The ogre is lightly wounded.
The ogre barely misses you.
You hit the ogre but do no damage.
The ogre is moderately wounded.
You hit the ogre but do no damage.
The ogre is moderately wounded.
The ogre hits you with a +0 giant club!
You hit the ogre.
The ogre looks even sicker.
The ogre is moderately wounded.
The ogre hits you with a +0 giant club!!
You barely miss the ogre.
The ogre is moderately wounded.
You hit the ogre.
The ogre is heavily wounded.
The ogre hits you with a +0 giant club!!
You die...

#.......# #.......#
#.......#
#.......########
#####....>.........#
#.<.#.........(....#
#...#..............#
#...#.>......†.....#
##'###.........@....#
#...)......###+#O......
#..........+ .......
#..........# .......
#..........# .......
#..........# .......
############ .......
.......


You could see an ogre (very poisoned).

Vanquished Creatures
  Pikel (D:5)
  2 black bears
  An ogre (D:5)
  A scorpion (D:5)
  2 hounds
  2 orc priests (D:3)
  3 iguanas
  Ijyb (D:4)
  Terence (D:3)
  4 orc wizards (D:3)
  6 adders
  2 shadow imps
  4 dart slugs
  7 orcs
  6 ball pythons
  7 endoplasms
  2 giant cockroaches
  10 goblins
  4 hobgoblins
  4 jackals (D:2)
  2 quokkas
  4 bats
  A frilled lizard (D:3)
  6 kobolds
  3 rats
86 creatures vanquished.

Vanquished Creatures (others)
  A gnoll (D:4)
  2 adders (D:4)
  A ball python (D:4)
4 creatures vanquished.

Grand Total: 90 creatures vanquished

Notes
Turn   | Place    | Note
-------+----------+-------------------------------------------
     0 | D:1      | boopmooplesden the Armataur Berserker began the quest for
                  | the Orb.
     0 | D:1      | Reached XP level 1. HP: 19/19 MP: 1/1
   248 | D:1      | Found a faded altar of an unknown god.
   303 | D:1      | Reached XP level 2. HP: 26/26 MP: 2/2
   979 | D:2      | Reached XP level 3. HP: 33/33 MP: 3/3
  1001 | D:2      | Reached ** piety under Trog
  1563 | D:3      | Reached XP level 4. HP: 36/40 MP: 4/4
  1773 | D:3      | Reached XP level 5. HP: 45/48 MP: 5/5
  1919 | D:3      | Noticed Terence
  1936 | D:3      | Killed Terence
  1937 | D:3      | Reached skill level 3 in Armour
  2070 | D:3      | Reached skill level 1 in Stealth
  2171 | D:3      | Reached XP level 6. HP: 41/54 MP: 6/6
  2899 | D:4      | Reached skill level 5 in Long Blades
  2899 | D:4      | Reached skill level 4 in Armour
  3063 | D:4      | Noticed Ijyb
  3078 | D:4      | Killed Ijyb
  3551 | D:4      | Found a shimmering altar of Xom.
  3630 | D:5      | Entered Level 5 of the Dungeon
  3699 | D:5      | Reached XP level 7. HP: 62/62 MP: 7/7
  3990 | D:5      | Reached skill level 5 in Armour
  4130 | D:5      | Noticed Pikel
  4146 | D:5      | Killed Pikel
  4147 | D:5      | Reached skill level 6 in Armour
  4147 | D:5      | Reached XP level 8. HP: 71/71 MP: 8/8
  4447 | D:5      | Found a shadowy altar of Dithmenos.
  4708 | D:6      | Reached skill level 7 in Armour
  4715 | D:6      | Slain by an ogre

Illustrated notes

Levels and vault maps discovered:
D:1:      matt_arrival_grand_opening, layout_loops_ring,
          shapermc_ecumenical_altar_totnotflames, nrook_mini_backslash,
          minmay_surrounded
D:2:      layout_basic
D:3:      layout_loops_corners, uniq_terence
D:4:      layout_basic, xom_confusion_cloud, minmay_unequal, uniq_ijyb
D:5:      layout_gridville, nicolae_overflow_hidden_temple, uniq_pikel
D:6:      layout_gridville, minmay_temple_entry_large_hall, bh_walls_and_bars

Skill      XL: |  1  2  3  4  5  6  7  8 |
---------------+-------------------------+-----
Long Blades    | 3 4 5 6 |  6.6
Fighting       | 3 4 |  4.6
Dodging        | 2 |  2.5
Armour         | 3 4 6 7 |  7.1
Stealth        | 1 |  1.3

Action                     |  1- 3 |  4- 6 |  7- 9 || total
---------------------------+-------+-------+-------++-------
  Melee: Falchion          |    89 |   169 |    82 ||   340
         Tailslap          |     9 |    20 |    11 ||    40
         Punch             |       |     1 |     3 ||     4
 Invoke: Berserk           |       |     5 |     2 ||     7
    Use: Scroll            |     5 |     2 |     3 ||    10
   Stab: Sleeping          |     1 |       |       ||     1
 Armour: Animal skin       |    40 |       |       ||    40
         Chain mail        |    11 |    85 |    30 ||   126
  Dodge: Dodged            |    43 |    58 |    29 ||   130
